Map: Flashback EE

Players

Kamus

  • Race: Protoss Protoss
  • League: Gold
  • Spawn Location: 11:00

RenzoPaolo

  • Race: Protoss Protoss
  • Spawn Location: 11:00

Nabukdonosor

  • Race: Zerg Zerg
  • League: Silver
  • Spawn Location: 9:00

TATORREA - Winner!

  • Race: Protoss Protoss
  • League: Gold
  • Spawn Location: 7:00

MrFercho - Winner!

  • Race: Zerg Zerg
  • League: Gold
  • Spawn Location: 7:00

tigro - Winner!

  • Race: Terran Terran
  • League: Bronze
  • Spawn Location: 7:00

VOD

Have the link to the VOD?

Description

Time

  • Played on: Aug. 15, 2020, 9:37 p.m.
  • Length: 15:11
Show
View Real Time Build Order
Export as new Build Order

Kamus Protoss 

Build Orders:  

Get SALT Encoding   

  12  0:01  Probe (Chrono Boost)  
  13  0:11  Probe (Chrono Boost)  
  14  0:16  Probe (Chrono Boost)  
  15  0:37  Assimilator, Pylon  
  15  0:48  Pylon  
  15  0:55  Probe  
  16  1:06  Gateway  
  16  1:14  Gateway  
  16  1:20  Pylon  
  16  1:25  Forge  
  16  1:29  Probe  
  17  1:59  Photon Cannon  
  17  2:06  Cybernetics Core  
  17  2:11  Gateway  
  17  2:17  Probe (Chrono Boost)  
  18  2:27  Probe (Chrono Boost)  
  19  2:32  Photon Cannon  
  19  2:43  Assimilator  
  19  2:45  Probe (Chrono Boost)  
  20  2:55  Probe (Chrono Boost)  
  21  3:00  Probe (Chrono Boost)  
  21  3:01  Warp Gate, Shield Battery  
  22  3:10  Pylon  
  22  3:23  Pylon  
  22  3:40  Nexus  
  22  3:46  Probe  
  23  3:58  Photon Cannon  
  23  4:14  Pylon  
  23  4:20  Photon Cannon  
  23  4:24  Photon Cannon  
  23  4:39  Gateway  
  23  4:41  Gateway  
  23  4:50  Pylon  
  23  4:52  Probe  
  24  5:02  Robotics Facility  
  24  5:13  Probe (Chrono Boost)  
  25  5:23  Probe (Chrono Boost)  
  26  5:28  Probe (Chrono Boost)  
  25  5:37  Stalker x3  
  25  5:40  Probe  
  32  5:54  Immortal (Chrono Boost)  
  36  6:28  Stalker x3  
  36  6:29  Stalker  
  38  7:17  Immortal (Chrono Boost)  
  43  7:30  Probe (Chrono Boost)  
  43  7:35  Stalker x2  
  47  7:39  Probe (Chrono Boost)  
  48  7:44  Probe (Chrono Boost)  
  48  7:46  Immortal (Chrono Boost)  
  53  7:56  Probe  
  54  8:08  Probe  
  55  8:18  Observer (Chrono Boost)  
  56  8:26  Probe (Chrono Boost)  
  57  8:33  Photon Cannon  
  57  8:34  Photon Cannon  
  57  8:36  Probe (Chrono Boost)  
  57  8:38  Twilight Council  
  57  8:41  Assimilator, Probe (Chrono Boost)  
  58  8:45  Photon Cannon  
  59  8:48  Photon Cannon  
  59  8:52  Probe  
  60  9:04  Probe  
  61  9:12  Blink (Chrono Boost)  
  61  9:24  Dark Shrine  
  61  9:40  Stalker x2  
  61  9:41  Stalker x3  
  71  10:16  Probe (Chrono Boost)  
  72  10:22  Stalker x2  
  72  10:23  Stalker  
  72  10:26  Probe (Chrono Boost)  
  79  10:31  Assimilator, Probe (Chrono Boost)  
  81  10:42  Probe  
  81  10:54  Probe  
  81  10:55  Charge (Chrono Boost)  
  82  11:07  Probe  
  83  11:19  Probe  
  83  11:20  Nexus  
  83  11:23  Pylon  
  83  11:25  Pylon  
  84  11:28  Pylon  
  84  11:29  Observer  
  84  11:31  Probe  
  82  11:41  Stargate  
  82  11:43  Probe  
  82  11:44  Stargate  
  53  11:50  Observer  
  48  11:56  Gateway  
  48  11:57  Gateway  
  48  11:59  Gateway  
  48  12:03  Shield Battery  
  48  12:04  Shield Battery  
  48  12:07  Shield Battery  
  48  12:12  Observer  
  48  12:20  Shadow Stride (Chrono Boost), Dark Templar x5  
  58  12:35  Phoenix  
  58  12:36  Phoenix  
  62  12:53  Dark Templar  
  62  12:54  Dark Templar x3  
  70  13:00  Phoenix  
  70  13:01  Phoenix  
  51  13:43  Void Ray (Chrono Boost)  
  51  13:46  Void Ray (Chrono Boost)  
  46  13:56  Photon Cannon  
  46  14:00  Pylon  
  46  14:01  Pylon  
  46  14:03  Pylon  
  44  14:19  Void Ray (Chrono Boost)  
  52  14:24  Photon Cannon  
  52  14:25  Photon Cannon  
  52  14:27  Void Ray (Chrono Boost), Photon Cannon  
Show
View Real Time Build Order
Export as new Build Order

RenzoPaolo Protoss 

Build Orders:  

Get SALT Encoding   

  12  0:01  Probe (Chrono Boost)  
  13  0:10  Probe (Chrono Boost)  
  14  0:16  Probe  
  15  0:24  Pylon  
  15  0:42  Probe  
  16  0:50  Pylon  
  16  0:54  Probe  
  17  1:04  Forge  
  17  1:07  Probe (Chrono Boost)  
  18  1:15  Assimilator  
  18  1:17  Assimilator  
  18  1:18  Probe (Chrono Boost)  
  19  1:25  Probe  
  20  1:37  Probe  
  21  2:09  Probe (Chrono Boost)  
  22  3:18  Photon Cannon  
  22  3:19  Photon Cannon  
  22  3:21  Photon Cannon  
  22  3:22  Photon Cannon  
  22  3:24  Photon Cannon  
  22  4:05  Nexus  
  22  4:08  Assimilator  
  22  4:13  Assimilator  
  22  4:17  Pylon  
  22  4:20  Probe (Chrono Boost)  
  23  4:33  Probe (Chrono Boost)  
  24  4:49  Gateway  
  24  4:50  Gateway  
  24  4:52  Gateway  
  24  4:53  Gateway  
  24  4:54  Gateway  
  24  5:07  Gateway  
  24  5:10  Gateway  
  24  5:17  Probe (Chrono Boost)  
  25  5:28  Probe (Chrono Boost)  
  26  5:33  Probe x2 (Chrono Boost)  
  28  5:43  Probe  
  28  5:44  Probe  
  28  5:46  Photon Cannon  
  28  5:48  Photon Cannon  
  28  5:49  Photon Cannon  
  30  5:52  Photon Cannon  
  30  5:55  Photon Cannon, Probe  
  30  5:56  Probe  
  26  6:08  Probe  
  27  6:20  Probe (Chrono Boost)  
  29  6:26  Probe (Chrono Boost)  
  29  6:30  Probe (Chrono Boost)  
  28  6:54  Cybernetics Core  
  28  7:21  Probe (Chrono Boost)  
  29  7:31  Probe (Chrono Boost)  
  29  7:36  Probe (Chrono Boost)  
  31  7:50  Probe  
  32  8:01  Twilight Council  
  32  8:03  Probe  
  34  8:12  Probe  
  34  8:25  Probe  
  35  8:35  Charge (Chrono Boost)  
  35  8:37  Probe  
  35  8:39  Robotics Facility  
  36  8:41  Warp Gate (Chrono Boost)  
  36  8:44  Pylon  
  36  8:49  Probe (Chrono Boost)  
  36  8:50  Pylon  
  37  9:01  Probe (Chrono Boost)  
  38  9:07  Zealot (Chrono Boost)  
  38  9:08  Probe (Chrono Boost)  
  38  9:09  Zealot x2 (Chrono Boost)  
  51  9:15  Probe  
  51  9:16  Zealot x3 (Chrono Boost)  
  52  9:26  Observer  
  52  9:27  Zealot (Chrono Boost)  
  52  9:28  Zealot x2 (Chrono Boost)  
  59  9:36  Zealot x3  
  65  9:44  Pylon  
  65  9:47  Pylon  
  65  9:51  Pylon  
  65  9:58  Pylon  
  63  10:01  Observer  
  63  10:02  Zealot x3  
  63  10:03  Zealot x2  
  63  10:05  Zealot  
  64  10:29  Zealot x3  
  64  10:30  Zealot x2  
  64  10:32  Zealot  
  76  10:37  Pylon  
  76  10:56  Stalker, Zealot x2  
  82  10:57  Stalker x2  
  82  10:59  Stalker  
  88  11:15  Shield Battery  
  88  11:17  Shield Battery  
  88  11:19  Shield Battery  
  88  11:23  Photon Cannon  
  88  11:24  Photon Cannon  
  88  11:27  Photon Cannon  
  88  11:29  Photon Cannon  
  88  11:32  Pylon  
  88  11:34  Pylon  
  88  11:35  Photon Cannon  
  88  12:00  Photon Cannon  
  88  12:02  Photon Cannon  
  88  12:05  Photon Cannon  
  88  12:08  Photon Cannon  
  86  12:10  Photon Cannon  
  86  12:13  Photon Cannon  
  58  12:17  Stalker x3  
  58  12:18  Stalker x2  
  58  12:19  Stalker  
  58  12:22  Photon Cannon  
  41  12:41  Zealot  
  41  12:42  Zealot x2  
  41  12:43  Zealot  
  41  12:44  Zealot  
  51  12:46  Zealot  
  41  13:08  Zealot x4  
  41  13:09  Zealot  
  51  13:19  Zealot  
  18  13:39  Pylon  
  18  13:41  Pylon  
  18  13:43  Pylon  
  18  14:06  Photon Cannon x2  
Show
View Real Time Build Order
Export as new Build Order

Nabukdonosor Zerg 

Build Orders: Pool First 

Get SALT Encoding   

  12  0:02  Drone  
  13  0:18  Overlord  
  13  0:21  Drone  
  14  0:43  Spawning Pool  
  14  0:47  Drone  
  14  0:48  Drone x2  
  16  1:24  Hatchery  
  15  1:36  Extractor  
  15  1:37  Overlord  
  14  1:41  Drone x2  
  14  1:45  Queen  
  18  2:05  Drone x2  
  20  2:17  Zergling x2  
  21  2:57  Drone x3  
  24  3:20  Drone x2  
  24  3:21  Drone  
  24  3:23  Queen  
  29  3:33  Roach Warren  
  28  3:55  Hatchery  
  27  4:05  Extractor  
  26  4:14  Drone  
  26  4:15  Drone x2  
  29  4:36  Drone  
  29  4:38  Drone  
  31  4:43  Lair  
  31  4:51  Roach x2  
  35  4:54  Overlord  
  35  4:55  Overlord  
  35  5:02  Drone  
  36  5:11  Queen  
  38  5:14  Drone  
  39  5:30  Roach x5  
  46  5:56  Roach x6  
  52  6:41  Roach x3  
  58  7:16  Overlord x3  
  58  7:17  Overlord  
  58  7:18  Overlord  
  58  7:34  Queen  
  58  7:36  Hydralisk Den  
  59  7:39  Drone x4  
  59  7:40  Drone x2  
  65  7:45  Drone  
  65  7:46  Drone  
  67  7:53  Extractor  
  66  7:59  Extractor  
  66  8:00  Drone  
  66  8:01  Drone  
  67  8:09  Queen  
  69  8:18  Glial Reconstitution  
  69  8:33  Spore Crawler  
  69  8:48  Drone x3  
  69  8:49  Drone x5  
  76  8:55  Extractor  
  75  9:03  Drone x3  
  78  9:35  Drone x5  
  78  9:37  Tunneling Claws  
  83  9:47  Drone  
  86  9:53  Roach x6  
  86  9:54  Roach  
  86  9:56  Overlord  
  86  9:57  Overlord x4  
  98  10:11  Evolution Chamber  
  97  10:26  Evolution Chamber  
  96  10:31  Roach  
  96  10:32  Roach x2  
  102  10:46  Roach x3  
  102  10:47  Roach x5  
  118  11:02  Extractor  
  118  11:04  Zerg Melee Weapons Level 1  
  117  11:06  Zerg Ground Armor Level 1  
  117  11:13  Overseer x3  
  117  11:14  Overseer  
  117  11:19  Burrow  
  117  11:23  Pneumatized Carapace  
  117  11:30  Hydralisk x4  
  117  11:31  Hydralisk  
  127  11:44  Drone  
  127  11:45  Drone  
  127  11:46  Drone  
  130  11:47  Overlord x3  
  130  11:48  Overlord x2  
  130  12:03  Roach x4  
  138  12:30  Roach  
  138  12:31  Roach x4  
  140  12:37  Roach x4  
  88  12:58  Roach x4  
  88  12:59  Roach  
  92  13:10  Roach x3  
  98  13:27  Roach  
  98  13:28  Roach x5  
  108  13:47  Roach x4  
  108  13:48  Roach x2  
  68  14:01  Roach  
  68  14:02  Roach x5  
  49  14:30  Roach x2  
  45  14:35  Roach x2  
  45  14:36  Roach x4  
Show
View Real Time Build Order
Export as new Build Order

TATORREA Protoss - Winner!

Build Orders: Mass Adepts 

Get SALT Encoding   

  12  0:02  Probe  
  13  0:14  Probe  
  14  0:26  Probe  
  14  0:27  Pylon  
  15  0:45  Probe  
  16  0:53  Gateway  
  16  0:58  Probe  
  17  1:10  Probe  
  18  1:11  Gateway  
  18  1:22  Probe  
  19  1:26  Pylon  
  19  1:28  Assimilator  
  19  1:31  Pylon  
  19  1:34  Probe  
  20  1:46  Probe  
  21  1:58  Probe  
  22  2:01  Cybernetics Core  
  22  2:11  Gateway  
  22  2:12  Probe  
  22  2:13  Gateway  
  23  2:18  Assimilator  
  23  2:25  Probe  
  24  2:44  Adept x2  
  24  2:48  Warp Gate  
  28  2:59  Nexus  
  28  3:03  Pylon  
  28  3:12  Twilight Council  
  28  3:20  Adept  
  28  3:26  Adept  
  32  3:31  Adept  
  34  3:40  Resonating Glaives (Chrono Boost), Adept  
  36  3:53  Adept  
  38  3:56  Probe  
  39  4:05  Pylon  
  39  4:08  Probe  
  40  4:17  Probe  
  40  4:21  Probe  
  42  4:29  Probe  
  42  4:30  Pylon  
  43  4:33  Probe  
  43  4:36  Pylon  
  44  4:41  Probe  
  44  4:45  Adept, Probe  
  46  4:46  Adept  
  46  4:50  Adept  
  52  4:54  Adept  
  54  5:02  Probe x2  
  56  5:14  Assimilator, Probe x2  
  56  5:18  Assimilator  
  58  5:26  Probe x2  
  38  6:35  Stalker x4  
  46  6:45  Robotics Facility  
  46  6:46  Stargate  
  46  6:47  Probe x2  
  46  6:48  Stargate  
  48  6:54  Charge (Chrono Boost)  
  48  6:59  Probe  
  48  7:00  Probe  
  50  7:14  Stalker x4  
  58  7:25  Templar Archives  
  58  7:28  Forge x2  
  58  7:30  Forge  
  58  7:36  Probe x2  
  60  7:37  Nexus  
  60  7:40  Pylon x2  
  60  7:47  Gateway  
  60  7:48  Probe x2  
  60  7:49  Gateway  
  62  7:52  Gateway  
  62  7:55  Void Ray  
  62  7:56  Gateway  
  66  8:00  Probe x2  
  66  8:01  Gateway  
  66  8:03  Void Ray  
  72  8:15  Immortal  
  76  8:28  Probe x2  
  78  8:37  High Templar  
  78  8:38  High Templar x2  
  78  8:40  Probe x2  
  86  8:48  Protoss Ground Weapons Level 1 (Chrono Boost)  
  86  8:54  Observer  
  87  8:56  Assimilator, Protoss Shields Level 1 (Chrono Boost)  
  87  9:03  Assimilator  
  87  9:08  Probe  
  87  9:09  Probe x2  
  90  9:21  Probe x3  
  90  9:22  Nexus  
  93  9:25  Pylon  
  93  9:27  Pylon  
  93  9:33  Probe x3  
  93  9:34  Zealot x4  
  93  9:36  Zealot  
  106  9:39  Zealot  
  106  9:42  Zealot  
  110  9:47  Probe  
  110  9:48  Probe x2  
  113  10:02  Protoss Ground Armor Level 1 (Chrono Boost)  
  113  10:03  Probe x3  
  116  10:15  Probe x2  
  116  10:16  Probe  
  116  10:19  Zealot  
  116  10:20  Zealot x5  
  131  10:25  High Templar  
  133  10:34  Probe  
  133  10:35  Archon  
  134  10:38  Archon  
  134  10:47  Pylon, Probe  
  134  10:48  Probe x3  
  138  10:50  Pylon  
  138  10:52  Assimilator  
  138  10:54  Pylon, High Templar x4  
  138  10:55  Assimilator, High Templar  
  148  10:57  Pylon  
  148  11:00  Archon x2  
  148  11:01  Protoss Shields Level 2 (Chrono Boost), Pylon, Protoss Ground Weapons Level 2 (Chrono Boost)  
  148  11:05  Probe x3  
  148  11:08  Psionic Storm  
  151  11:15  Probe  
  151  11:18  Probe x2  
  154  11:33  Gateway  
  154  11:34  Gateway  
  154  11:38  Gateway  
  146  11:40  Gateway  
  146  11:42  Gateway  
  146  11:46  Gateway  
  142  11:48  Gateway  
  142  11:50  Gateway  
  142  11:54  Gateway  
  138  11:55  Gateway  
  138  11:57  Gateway  
  138  12:00  Zealot x3  
  138  12:01  Zealot x5  
  150  12:02  Zealot  
  103  12:56  Zealot x5  
  103  12:57  Zealot x3  
  103  12:58  Zealot x5  
  125  12:59  Zealot x3  
  125  13:00  Zealot  
  125  13:04  Nexus  
  137  13:07  Pylon  
  137  13:08  Pylon  
  137  13:11  Pylon  
  117  13:38  Zealot x5  
  117  13:39  Zealot x5  
  117  13:40  Zealot x5  
  117  13:41  Zealot x3  
  149  13:42  Zealot x2  
  151  14:26  High Templar x4  
  151  14:27  High Templar x4  
  151  14:28  High Templar x4  
  151  14:29  High Templar x4  
  151  14:30  High Templar x4  
  189  14:43  Archon x4  
  189  14:44  Assimilator, Archon x4  
  189  14:45  Archon x2  
  189  14:47  Gateway x2, Assimilator  
  189  14:49  Gateway  
  189  14:50  Gateway  
  189  14:52  Gateway x2  
  189  14:59  Zealot  
  191  15:00  Zealot x3  
  191  15:01  Zealot  
Show
View Real Time Build Order
Export as new Build Order

MrFercho Zerg - Winner!

Build Orders: Hatch First, Lurkers, Roach Hydra 

Get SALT Encoding   

  12  0:01  Drone  
  13  0:13  Overlord  
  13  0:18  Drone  
  14  0:32  Drone x2  
  16  0:53  Hatchery  
  16  0:54  Drone  
  16  1:00  Drone  
  16  1:01  Drone  
  18  1:14  Extractor  
  17  1:19  Spawning Pool  
  17  1:20  Drone  
  17  1:25  Drone  
  18  1:29  Drone  
  19  1:43  Drone  
  20  1:53  Drone  
  21  2:08  Drone  
  21  2:12  Drone  
  23  2:24  Overlord  
  23  2:28  Queen x2  
  27  2:31  Drone  
  27  2:32  Overlord  
  28  2:43  Drone x3  
  31  2:49  Drone  
  32  2:58  Drone x2  
  34  3:06  Queen  
  34  3:09  Lair  
  34  3:10  Drone x2  
  38  3:14  Drone  
  38  3:17  Drone  
  40  3:20  Extractor  
  40  3:22  Extractor  
  38  3:28  Overlord  
  38  3:29  Overlord  
  38  3:52  Drone x2  
  38  3:53  Drone  
  38  3:54  Drone x3  
  44  3:55  Drone  
  44  3:56  Drone  
  46  4:04  Roach Warren  
  46  4:07  Evolution Chamber  
  44  4:11  Pneumatized Carapace  
  44  4:16  Queen  
  46  4:18  Drone x3  
  46  4:20  Drone  
  50  4:30  Nydus Network  
  49  4:35  Drone  
  49  4:36  Hydralisk Den  
  49  4:38  Drone x2  
  51  4:41  Zerg Missile Weapons Level 1  
  51  4:55  Overlord  
  51  4:56  Overlord  
  51  4:57  Roach  
  51  4:58  Roach x3  
  59  5:00  Glial Reconstitution  
  59  5:06  Grooved Spines  
  59  5:20  Roach x4  
  67  5:30  Extractor, Hatchery  
  67  5:35  Roach x5  
  75  5:43  Zergling x2  
  76  5:51  Overlord  
  76  5:52  Overlord x3  
  76  6:06  Nydus Canal  
  76  6:12  Roach  
  76  6:13  Roach x5  
  76  6:17  Muscular Augments  
  88  6:29  Hydralisk  
  88  6:30  Hydralisk  
  89  6:46  Hydralisk x3  
  83  6:50  Zergling x10  
  70  7:18  Zerg Missile Weapons Level 2  
  70  7:22  Hydralisk x3  
  72  7:27  Drone x7  
  83  7:33  Queen  
  85  8:02  Hydralisk x6  
  97  8:09  Overlord x2  
  97  8:10  Zergling x8  
  101  8:14  Metabolic Boost  
  101  8:20  Extractor  
  101  8:23  Drone x3  
  103  8:32  Extractor  
  102  8:53  Hydralisk  
  102  8:54  Hydralisk x7  
  118  8:56  Overlord  
  118  9:30  Infestation Pit  
  117  9:35  Lurker Den  
  116  9:48  Hatchery  
  116  9:50  Drone x3  
  116  9:52  Drone x5  
  123  9:53  Drone  
  123  9:55  Queen  
  126  10:02  Zerg Ground Armor Level 1  
  126  10:16  Hydralisk x6  
  126  10:18  Overlord x2  
  138  10:43  Hive  
  138  10:55  Lurker x7  
  145  11:01  Drone x4  
  149  11:38  Extractor  
  148  11:41  Hatchery  
  148  11:43  Extractor  
  143  11:51  Hatchery  
  142  12:03  Seismic Spines  
  142  12:07  Hydralisk x9, Spire  
  158  12:20  Overlord x2  
  158  12:21  Overlord x4  
  158  12:22  Overlord  
  155  12:48  Hydralisk x3  
  155  12:49  Hydralisk x16  
  187  12:51  Zergling x2  
  187  12:52  Zergling x12  
  192  13:01  Adaptive Talons  
  182  13:27  Overseer  
  182  13:36  Hydralisk  
  182  13:37  Hydralisk x8  
  200  13:54  Greater Spire  
Show
View Real Time Build Order
Export as new Build Order

tigro Terran - Winner!

Build Orders:  

Get SALT Encoding   

  12  0:16  SCV  
  13  0:27  Supply Depot  
  14  0:28  SCV  
  14  0:40  SCV  
  15  0:49  Supply Depot  
  15  0:52  SCV  
  15  0:56  Barracks  
  16  1:03  Refinery  
  16  1:20  SCV  
  17  1:33  SCV  
  18  1:44  Marine  
  18  1:45  SCV  
  18  1:46  Refinery  
  20  1:57  SCV  
  20  2:01  Engineering Bay  
  21  2:02  Marine  
  22  2:09  SCV  
  23  2:20  Marine  
  24  2:23  Factory  
  24  2:27  SCV  
  25  2:37  Marine  
  25  2:39  SCV  
  27  2:51  SCV  
  27  2:58  Terran Infantry Weapons Level 1  
  28  3:06  Command Center, Orbital Command  
  28  3:09  Factory Tech Lab  
  28  3:27  Barracks Tech Lab  
  28  3:30  Refinery  
  28  3:35  Siege Tank  
  31  3:49  Combat Shield  
  31  4:09  Missile Turret  
  31  4:21  Refinery  
  31  4:30  Missile Turret  
  31  4:33  SCV  
  32  4:45  SCV  
  33  4:53  Missile Turret  
  33  4:57  SCV  
  34  5:08  Stimpack  
  34  5:10  SCV  
  35  5:20  Missile Turret  
  35  5:22  SCV  
  35  5:24  Marine  
  37  5:37  Starport  
  37  5:42  Marine  
  38  5:45  Missile Turret  
  38  6:00  Marine  
  39  6:06  Missile Turret  
  39  6:11  SCV  
  40  6:17  Marine  
  41  6:23  SCV  
  42  6:27  Missile Turret  
  42  6:34  Medivac  
  42  6:35  Marine, SCV  
  46  6:44  Armory  
  46  6:47  Missile Turret, SCV  
  46  6:53  Marine  
  48  6:59  SCV  
  51  7:11  Marine  
  47  7:15  Missile Turret  
  47  7:22  Siege Tank  
  47  7:29  Marine  
  48  7:42  Starport Tech Lab  
  48  7:43  Barracks  
  48  7:46  Marine  
  49  7:54  Siege Tank  
  52  8:04  Marine  
  47  8:22  Marine  
  48  8:27  Command Center  
  48  8:34  Medivac  
  50  8:40  Barracks Reactor, Marine  
  51  8:58  Marine  
  52  9:04  Medivac  
  54  9:16  Marine  
  55  9:33  Marine  
  56  9:48  Marine  
  56  9:49  Marine  
  56  9:51  Marine  
  56  10:06  Marine x2  
  54  10:09  Marine  
  47  10:24  Marine x2  
  47  10:27  Marine  
  44  10:42  Marine x2  
  46  10:45  Marine, SCV  
  46  10:46  Refinery  
  48  10:55  Terran Infantry Weapons Level 2  
  48  10:57  SCV  
  48  10:58  Fusion Core  
  48  11:00  Terran Vehicle Weapons Level 1  
  48  11:03  Thor  
  55  11:06  Medivac  
  55  11:08  Marine  
  55  11:09  Marine x2, SCV  
  61  11:21  SCV  
  62  11:26  Marine  
  62  11:27  Marine x2  
  65  11:33  SCV  
  65  11:36  Medivac  
  68  11:44  Marine x3  
  68  11:45  Thor  
  77  12:09  Supply Depot  
  77  12:31  Marine x3  
  77  12:33  Supply Depot, Thor  
  78  12:49  Marine  
  74  12:54  Terran Vehicle And Ship Armor Level 1  
  74  12:57  Supply Depot  
  72  13:11  Terran Infantry Armor Level 1  
  72  13:16  Thor  
  78  13:48  Marine x2  
  75  13:49  Marine  
  78  13:58  Thor  
  84  14:06  Marine x2  
  84  14:07  Marine  
  87  14:22  Refinery  
  87  14:24  Marine x3  
  90  14:42  Marine x3  
Tags
 
Add a new tag
Caveats
  • Supply blocks, unpowered buildings, or Contaminate may cause inaccurate times.
  • Supply counts are checked every 10 seconds.